 Dungeon Crawl Stone Soup version 0.13-a0-1775-g6c024ba (webtiles) character file.

655 HowlyKow the Cleaver (level 6, -6/52 HPs)
             Began as a Minotaur Fighter on June 23, 2013.
             Killed by divine providence
             ... invoked by an orc priest
              (14 damage)
             ... on Level 4 of the Dungeon.
             The game lasted 00:09:49 (3475 turns).

HowlyKow the Cleaver (Minotaur Fighter)             Turns: 3475, Time: 00:09:49

HP  -6/52        AC 10     Str 23      XL: 6   Next: 83%
MP   2/2         EV  9     Int  5      God:
Gold 184         SH  8     Dex  8 (9)  Spells:  0 memorised,  5 levels left

Res.Fire  : . . .   See Invis. : .   p - -1,+0 orc war axe
Res.Cold  : . . .   Warding    : .   b - +0 scale mail
Life Prot.: + . .   Conserve   : .   k - +0 buckler {AC+3}
Res.Poison: .       Res.Corr.  : .   u - +1 cap of the Hare {rN+ Curse}
Res.Elec. : .       Clarity    : .   (no cloak)
Sust.Abil.: . .     Spirit.Shd : .   (no gloves)
Res.Mut.  : .       Stasis     : .   (no boots)
Res.Rott. : .       Flight     : .   (no amulet)
Saprovore : . . .                    (no ring)
                                     (no ring)

@: slightly resistant to hostile enchantments, extremely unstealthy
A: retaliatory headbutt, horns 2
a: no special abilities


You were on level 4 of the Dungeon.
You were not hungry.

You visited 1 branch of the dungeon, and saw 4 of its levels.

You collected 164 gold pieces.

Inventory:

Hand weapons
 a - a +0,+0 hand axe {=f}
 p - a -1,+0 orcish war axe (weapon)
Missiles
 h - 7 javelins (quivered)
Armour
 b - a +0 scale mail (worn)
 c - a +0 shield
 k - a +0 buckler of protection (worn)
 u - the +1 cap of the Hare (worn) {rN+ Curse}
   (You found it on level 4 of the Dungeon)

   It protects you from negative energy.
   It may recurse itself.
Comestibles
 d - a bread ration
Scrolls
 i - 5 scrolls of identify {unknown}
 j - 7 scrolls of remove curse {unknown}
 l - 3 scrolls of teleportation {unknown}
 n - a scroll of curse jewellery {unknown}
 q - 2 scrolls of recharging {unknown}
 w - a scroll of enchant armour {unknown}
Potions
 e - a potion of flight {unknown}
 f - 2 potions of restore abilities {unknown}
 g - 3 potions of curing {unknown}
 m - a potion of resistance {unknown}
 o - a potion of poison {unknown}
 s - a potion of cure mutation {unknown}
 t - 2 potions of magic {unknown}
Books
 r - a book of the Tempests

   Spells                             Type                      Level
   Static Discharge                   Conjuration/Air              3
   Lightning Bolt                     Conjuration/Air              5
   Fireball                           Conjuration/Fire             5
   Tornado                            Air                          9
   Shatter                            Earth                        9


   Skills:
 - Level 3.6 Fighting
 + Level 9.0 Axes
 - Level 3.6 Armour
 - Level 3.6 Shields


You had 5 spell levels left.
You didn't know any spells.

Dungeon Overview and Level Annotations

Branches:
Dungeon (4/27)
 Temple: D:4-7

Altars:
Ashenzari
Zin


Innate Abilities, Weirdness & Mutations

You reflexively headbutt those who attack you in melee.
You have a pair of horns on your head.


Message History

You kill the iguana!
Your Axes skill increases to level 9!
No target in view!
There is an open door here.
There is an open door here.
The orc priest shouts!
The orc priest mumbles some strange prayers to Beogh against you.
Something smites you!
The orc priest mumbles some strange prayers to Beogh against you.
Something smites you!
* * * LOW HITPOINT WARNING * * *
You are too injured to fight recklessly!
You are too injured to fight recklessly!
You are too injured to fight recklessly!
The orc priest invokes the aid of Beogh against you.
Pain shoots through your body!
* * * LOW HITPOINT WARNING * * *
The orc priest mumbles some strange prayers to Beogh against you.
Something smites you!
You die...

'###### .## ..# ########## ######
#'###### #........# #.....
.......### #........# ###.....
.......'.# #........######.'.....
.......#.###...............#.....
.......#..##........########.....
.......##.......@o..# #.....
.......#####...(....# #..%..
.......# #........# #.....
.......# #........# #.....
#'###### ##.####### #..... (.#
#..# #..... .## ##..## ###### .#
#..# .######## #####.#####
########


You could see an orc priest.

Vanquished Creatures
  Edmund (D:4)
  2 hounds (D:4)
  An orc priest (D:3)
  An iguana (D:4)
  A quasit (D:4)
  5 adders
  4 gnolls (D:4)
  A giant mite (D:2)
  3 worms
  An ooze (D:3)
  10 orcs
  10 bats
  3 giant cockroaches
  10 hobgoblins
  4 giant geckos
  6 giant newts
  10 goblins
  A goblin skeleton (D:4)
  11 kobolds
  12 rats
97 creatures vanquished.

Vanquished Creatures (others)
  A ball python (D:1)
1 creature vanquished.

Grand Total: 98 creatures vanquished

Notes
Turn   | Place    | Note
--------------------------------------------------------------
     0 | D:1      | HowlyKow, the Minotaur Fighter, began the quest for the Orb.
     0 | D:1      | Reached XP level 1. HP: 19/19 MP: 0/0
   184 | D:1      | Reached XP level 2. HP: 19/26 MP: 0/0
   499 | D:1      | Reached skill level 4 in Axes
   706 | D:2      | Found a glowing silver altar of Zin.
   969 | D:2      | Reached XP level 3. HP: 31/33 MP: 1/1
  1139 | D:2      | Reached skill level 5 in Axes
  1151 | D:2      | Reached XP level 4. HP: 22/39 MP: 1/1
  2110 | D:3      | Reached skill level 6 in Axes
  2460 | D:3      | Reached XP level 5. HP: 2/46 MP: 1/1
  2839 | D:4      | Reached skill level 7 in Axes
  2883 | D:4      | Reached XP level 6. HP: 46/52 MP: 2/2
  2908 | D:4      | Found a shattered altar of Ashenzari.
  3074 | D:4      | Reached skill level 8 in Axes
  3109 | D:4      | Noticed Edmund
  3137 | D:4      | Killed Edmund
  3416 | D:4      | Got a bloodstained cap
  3436 | D:4      | Identified the +1 cap of the Hare {rN+ Curse} (You found it on level 4 of the Dungeon)
  3455 | D:4      | Reached skill level 9 in Axes
  3475 | D:4      | Killed from afar by an orc priest

Action                   |  1- 3 |  4- 6 || total
-------------------------+-------+-------++-------
Melee: Hand axe          |   100 |    23 ||   123
       War axe           |       |   143 ||   143
